 Dungeon Crawl Stone Soup version 0.30.1-11-g7821555f0a (webtiles) character file.

Game seed: 11748182244141047032

137 Chiseanne the Vexing (level 5, 17/38 (41) HPs)
             Began as a Demonspawn Wanderer on Nov 17, 2023.
             Quit the game on level 3 of the Dungeon.
             The game lasted 00:03:10 (2100 turns).

Chiseanne the Vexing (Demonspawn Wanderer)          Turns: 2100, Time: 00:03:11

HP:   17/38 (41)    AC:  3    Str: 14    XL:     5   Next: 0%
MP:   8/8           EV: 12    Int: 12    God:
Gold: 211           SH:  0    Dex: 22    Spells: 7/8 levels left

rFire   + . .        g - +0 quarterstaff
rCold   + . .        (shield currently unavailable)
rNeg    . . .        q - +0 leather armour of Trumpets {-Cast Dex+8}
rPois   .            (no helmet)
rElec   .            d - scarf {rC+ rF+}
rCorr   .            (no gloves)
SInv    .            (no boots)
Will    .....        (no amulet)
Stlth   ++           (no ring)
HPRegen 0.26/turn    (no ring)
MPRegen 0.11/turn

%: no spellcasting
@: drained
A: demonic guardian 1, spiny 1, demonic touch 1
a: no special abilities


You were on level 3 of the Dungeon.
You visited 1 branch of the dungeon, and saw 3 of its levels.

You collected 211 gold pieces.

Inventory:

Hand Weapons
 a - a +0 club
 g - a +0 quarterstaff (weapon)
Missiles
 f - 30 stones (quivered)
 s - 3 silver boomerangs
Armour
 d - a scarf of resistance (worn)
 q - the +0 leather armour of Trumpets (worn) {-Cast Dex+8}
   (You found it on level 2 of the Dungeon)

   Dex:       It affects your dexterity (+8).
   -Cast:     It prevents spellcasting.
Jewellery
 o - a ring of positive energy
Scrolls
 c - 2 scrolls of fear
 i - a scroll of poison
 j - a scroll of teleportation
 l - a scroll of identify
Potions
 b - 5 potions of curing
 e - a potion of attraction
 h - 2 potions of mutation
 k - a potion of ambrosia {unknown}
 m - 2 potions of flight {unknown}
 n - a potion of haste {unknown}
 p - 2 potions of invisibility {unknown}
 u - a potion of might {unknown}


   Skills:
 * Level 3.4 Fighting
 * Level 2.2 Armour
 * Level 2.2 Dodging
 - Level 1.7 Unarmed Combat
 - Level 2.0 Spellcasting
 - Level 4.0 Hexes


You had 7 spell levels left.
You knew the following spells:

 Your Spells              Type           Power      Damage    Failure   Level
a - Slow                  Hex            40%        N/A       6%          1

Your spell library contained the following spells:

 Spells                   Type           Power      Damage    Failure   Level
 Tukima's Dance           Hex            10%        N/A       19%         3
 Ensorcelled Hibernation  Hex/Ice        12%        N/A       22%         2
 Passwall                 Tmut/Erth      0%         N/A       45%         2
 Swiftness                Air            1%         N/A       69%         3
 Fulminant Prism          Conj/Hex       3%         3d5       82%         4


Dungeon Overview and Level Annotations

Branches:
Dungeon (3/15)

Altars:


Innate Abilities, Weirdness & Mutations

A weak demonic guardian rushes to your aid.
You are partially covered in sharp spines.
Your touch may inflict minor irresistible damage on your foes.


Message History

The orc is severely wounded.
The orc barely misses you. The orc is struck by your spines.
You kill the orc!
You hit the orc but do no damage. You barely miss the orc.
The orc is struck by your spines. The orc completely misses you.
The orc is struck by your spines. The orc hits you with a +0 hand axe.
You barely miss the orc.
The orc is lightly wounded.
The orc is struck by your spines. The orc hits you with a +0 war axe!
The orc is struck by your spines. The orc misses you.
The orc hits you with a +0 war axe. The orc hits you but does no damage.
You are too injured to fight recklessly!
You are too injured to fight recklessly!
You are too injured to fight recklessly!
You are too injured to fight recklessly!
You are too injured to fight recklessly!
You are too injured to fight recklessly!
You are too injured to fight recklessly!
You are too injured to fight recklessly!
You are too injured to fight recklessly!
You are too injured to fight recklessly!
You are too injured to fight recklessly!
You are too injured to fight recklessly!
You are too injured to fight recklessly!
You are too injured to fight recklessly!
You are too injured to fight recklessly!
You are too injured to fight recklessly!
You are too injured to fight recklessly!
You are too injured to fight recklessly!
You barely miss the orc.
The orc is severely wounded.
The orc is struck by your spines.
You kill the orc!
The orc is struck by your spines.
You kill the orc!
You have reached level 5!
Your demonic ancestry asserts itself...
Your hands begin to faintly glow with unholy energy.
Are you sure you want to abandon this character and quit the game? (Confirm with "yes".) o

...... ......
#.#o#.#.#.#..###
.. .. .. ### .#
#.# #.# ### ..
.. .. # .. #.#.#
#.#.# .## ...
... ..
.#.#.#.#)#.# #
......w@).# #
..####.......#
#.......#
#.......#
#.......#
#.......#
###.##### .#
######


You could see a worm.

Vanquished Creatures
  An orc wizard (D:3)
  3 adders
  9 orcs (D:3)
  6 endoplasms
  5 giant cockroaches
  2 goblins
  5 hobgoblins
  12 jackals
  2 quokkas (D:2)
  2 ball pythons (D:1)
  3 bats
  4 frilled lizards
  4 kobolds
  3 rats
61 creatures vanquished.

Vanquished Creatures (collateral kills)
  2 orcs (D:3)
  An endoplasm (D:3)
  A frilled lizard (D:2)
4 creatures vanquished.

Grand Total: 65 creatures vanquished

Notes
Turn   | Place    | Note
-------+----------+-------------------------------------------
     0 | D:1      | Chiseanne the Demonspawn Wanderer began the quest for the
                  | Orb.
     0 | D:1      | Chiseanne set off with the following items: a +0 club, a
                  | potion of curing, a scroll of fear, a +0 leather armour, a
                  | potion of attraction; and the following spell memorised:
                  | Slow; and the following spells available to memorise:
                  | Tukima's Dance, Fulminant Prism.
     0 | D:1      | Reached XP level 1. HP: 16/16 MP: 3/3
   259 | D:1      | Gained mutation: You are partially covered in sharp spines.
                  | [demonic ancestry]
   259 | D:1      | Reached XP level 2. HP: 22/22 MP: 5/5
   302 | D:1      | Found a faded altar of an unknown god.
   443 | D:1      | Reached skill level 1 in Dodging
   445 | D:1      | Reached skill level 1 in Armour
   877 | D:2      | Gained mutation: A weak demonic guardian rushes to your
                  | aid. [demonic ancestry]
   877 | D:2      | Reached XP level 3. HP: 23/28 MP: 6/6
  1030 | D:2      | Identified the +0 leather armour of Trumpets {-Cast Dex+8}
  1491 | D:2      | Reached XP level 4. HP: 27/34 MP: 7/7
  2100 | D:3      | Gained mutation: Your touch may inflict minor irresistible
                  | damage on your foes. [demonic ancestry]
  2100 | D:3      | Reached XP level 5. HP: 17/38 MP: 8/8
  2100 | D:3      | Quit the game

Illustrated notes

Levels and vault maps discovered:
D:1:      dpeg_arrival_boxorama, layout_loops_ring,
          hellmonk_ecumenical_altar_lost_god, nicolae_kite_square_tiling_tiny,
          minmay_worlds_worst_comb
D:2:      layout_loops_cross, dreamdust_princess_corridor
D:3:      layout_basic, hex_large, uniq_jessica

Skill      XL: |  1  2  3  4 |
---------------+-------------+-----
Dodging        | 1 2 |  2.2
Armour         | 1 2 |  2.2
Fighting       | 3 |  3.4
Unarmed Combat | |  1.7
Spellcasting   | |  2.0
Hexes          | |  4.0

Action                     |  1- 3 |  4- 6 || total
---------------------------+-------+-------++-------
  Melee: Quarterstaff      |    82 |    50 ||   132
  Throw: Stone             |       |     1 ||     1
    Use: Scroll            |       |     6 ||     6
   Stab: Sleeping          |       |     2 ||     2
 Armour: Leather armour    |    29 |     7 ||    36
  Dodge: Dodged            |    67 |    33 ||   100
